 Dungeon Crawl Stone Soup version 0.27.1-33-g824d729ab1 (webtiles) character file.

Game seed: 6675689117616718169

36993 DemonSlayer the Cleaver (level 13, -7/153 HPs)
             Began as a Demonspawn Berserker on Dec 13, 2021.
             Was an Elder of Trog.
             Mangled by an orc knight (34 damage)
             ... on level 1 of the Orcish Mines.
             The game lasted 00:40:35 (18181 turns).

DemonSlayer the Cleaver (Demonspawn Berserker)     Turns: 18181, Time: 00:40:36

Health: -7/153     AC: 23    Str: 22    XL:     13   Next: 56%
Magic:  4/4        EV: 12    Int: 11    God:    Trog [****..]
Gold:   266        SH:  5    Dex: 13    Spells: 12/12 levels left

rFire    . . .     SeeInvis +   j - +2 broad axe (antimagic)
rCold    . . .     Faith    .   D - +0 buckler
rNeg     . . .     Spirit   .   K - +0 chain mail {Will+}
rPois    +         Reflect  .   c - +3 crown of Dyrovepreva {rElec Int+2 SInv}
rElec    +         Harm     .   d - +2 cloak
rCorr    +         Rampage  .   l - +2 pair of gloves
Will     +++..                  I - +1 pair of boots
Stlth    ..........             u - amulet of regeneration
HPRegen  2.35/turn              N - ring of resist corrosion
MPRegen  0.09/turn              F - ring of poison resistance

@: berserking, strong-willed, regenerating, very quick
A: antennae 2, foul stench 1, spiny 3, sturdy frame 2
a: Renounce Religion, Berserk, Trog's Hand, Brothers in Arms


You were on level 1 of the Orcish Mines.
You worshipped Trog.
Trog was greatly pleased with you.
You visited 3 branches of the dungeon, and saw 17 of its levels.
You also visited: Ice Cave.

You collected 804 gold pieces.
You spent 538 gold pieces at shops.

Inventory:

Hand Weapons
 j - a +2 antimagic broad axe (weapon)
 z - a +1 vorpal war axe
Missiles
 e - 2 boomerangs (quivered)
 m - 21 poisoned darts
 o - 6 silver javelins
Armour
 c - the +3 crown of Dyrovepreva (worn) {rElec Int+2 SInv}
   (You bought it in a shop on level 1 of the Dungeon)

   Int:       It affects your intelligence (+2).
   rElec:     It insulates you from electricity.
   SInv:      It lets you see invisible.
 d - a +2 cloak (worn)
 l - a +2 pair of gloves (worn)
 D - a +0 buckler (worn)
 I - a +1 pair of boots (worn)
 K - a +0 chain mail of willpower (worn)
Jewellery
 h - an amulet of reflection
 n - a ring of see invisible
 u - an amulet of regeneration (around neck)
 F - a ring of poison resistance (right hand)
 J - a ring of ice
 M - a ring of flight
 N - a ring of resist corrosion (left hand)
 O - a ring of protection from fire
Wands
 f - a wand of acid (9)
 s - a wand of paralysis (14)
 v - a wand of mindburst (22)
 y - a wand of digging (10)
 A - a wand of flame (57)
 L - a wand of polymorph (9)
Scrolls
 k - 6 scrolls of teleportation
 p - 2 scrolls of enchant armour
 E - a scroll of fear
 G - a scroll of magic mapping
 H - a scroll of blinking
 P - a scroll of silence
Potions
 a - a potion of heal wounds
 b - a potion of haste
 g - 5 potions of curing
 i - 2 potions of mutation
 q - 2 potions of cancellation {unknown}
 r - a potion of resistance {unknown}
 t - 3 potions of magic {unknown}
 w - a potion of brilliance {unknown}
 x - 2 potions of might {unknown}
 B - a potion of ambrosia {unknown}
 C - a potion of berserk rage {unknown}
 Q - 2 potions of attraction {unknown}


   Skills:
 + Level 9.6 Fighting
 + Level 14.1 Axes
 + Level 7.1 Throwing
 + Level 9.1 Armour
 + Level 6.6 Dodging
 + Level 3.6 Stealth
 - Level 4.0 Shields
 + Level 0.1 Evocations


You had 12 spell levels left.
You didn't know any spells.
Your spell library was empty.

Dungeon Overview and Level Annotations

Branches:
Dungeon (11/15)            Temple (0/1) D:5            Lair (5/6) D:10
 Shoals (0/4) Lair:3        Snake (0/4) Lair:2          Orc (1/2) D:11
  IceCv (visited)
  Slime: Lair:5-6

Altars:
Cheibriados
Dithmenos
Kikubaaqudgha
Makhleb
Okawaru
Ru
Sif Muna
Uskayaw
Wu Jian
Xom
Yredelemnul
The Shining One
Beogh

Shops:
D:1 [   D:4 =

Annotations:
D:5 2 runed translucent doors, Squirrel's ghost, weakling OpDe
D:9 exclusion: ice statue


Innate Abilities, Weirdness & Mutations

You have a pair of antennae on your head.
You may rarely emit foul miasma when damaged in melee.
You are completely covered in sharp spines.
Your movements are less encumbered by armour. (ER -4)


Message History

The orc warrior no longer looks unusually strong.
Your iron troll closely misses the orc warrior.
Your iron troll claws the orc warrior!
Your iron troll claws the orc warrior!!
The orc warrior dies!
Trog accepts your kill.
The orc warlord hits you from afar with a +1 bardiche!!!
The warg misses you.
An orc warrior comes into view. It is wielding a +0 trident.
The orc knight roars a battlecry!
The orcs go into a battle-frenzy!
An orc warrior comes into view.
It is wielding a +0 hand axe and quivering boomerangs of dispersal.
Your ogre barely misses the warg.
The warg is engulfed in dark miasma.
The warg is poisoned.
The warg seems to slow down.
You block the warg's attack.
The orc wizard hits your ogre with a +0 dagger.
An orc comes into view. It is wielding a +0 hand axe.
You hear a shout! x2; You hear a howl!
You hear a shout! x2; You hear a howl!
You hear a shout! x5
You feel a strong urge to attack something.
Your iron troll bites the warg.
Your iron troll claws the warg!!
The warg dies!
Trog accepts your kill.
The orc knight hits you with a +1 vorpal battleaxe!!
* * * LOW HITPOINT WARNING * * *
x2 Your deep troll bites the warg!!
The warg dies!
Trog accepts your kill.
Your ogre closely misses the ynoxinul.
The orc wizard hits your ogre with a +0 dagger.
The orc warrior no longer looks unusually strong.
The orc wizard no longer looks unusually strong.
Your iron troll rages.
The orc sorcerer casts a spell.
Send 'em back where they came from!
Trog shields your ally from puny magic! x2
The orc wizard points at you and mumbles some strange words.
The puff of flame hits your iron troll but does no damage.
The orc warlord roars a battlecry!
The orc wizard goes into a battle-frenzy!
The orc knight hits you with a +1 vorpal battleaxe!!
You die... .o# #.....o..... ..##.#.....$... .3o#....oo..... ..o'.o.o.....# ..oooo{ooo3..# #o{{☼TO.# { {{ ##)##†...# { {{ ##..oT.#### { {{{{

##.$.@..#
############.##....#
#.......##...##..###
##....###....#.###
#....#####....#
##...).###.....#
#..))))#.#....##
....)#.......##
..#####.....##


You could see an orc warlord (strong), 2 orc knights, a ynoxinul (summoned), 2
orc sorcerers, an orc warrior (strong), 2 orc wizards, an orc (strong), a
friendly iron troll (summoned, berserk), a friendly deep troll (summoned,
berserk) and a friendly ogre (summoned, berserk).

Vanquished Creatures
  Snorg (D:11)
  2 hydras
  A catoblepas (Lair:3)
  2 two-headed ogres
  Erica (D:11)
  3 death yaks (D:10)
  Nergalle (D:10)
  2 cyclopes
  A manticore (D:11)
  2 black mambas
  Joseph (D:9)
  4 cane toads
  An ice statue (IceCv)
  Maggie (D:7)
  Psyche (D:8)
  A rime drake (Lair:4)
  8 komodo dragons
  A freezing wraith (IceCv)
  4 ice devils (D:9)
  2 trolls (D:11)
  3 polar bears
  2 hornets (D:11)
  13 blink frogs
  Prince Ribbit (D:6)
  54 yaks
  A vampire (D:9)
  2 wraiths
  A wyvern (Lair:1)
  A warg (Orc:1)
  Menkaure (D:5)
  4 nagas (Lair:2)
  An acid dragon (D:11)
  10 water moccasins
  5 black bears
  5 orc warriors
  2 ice beasts
  A hornet zombie (D:5)
  14 wolves
  6 ogres
  5 centaurs
  2 phantoms
  2 kobold brigands
  10 bullfrogs
  2 scorpions (D:5)
  A cane toad simulacrum (IceCv)
  A water moccasin zombie (D:6)
  A wyvern skeleton (D:7)
  2 water moccasin skeletons (D:4)
  15 wights
  An electric eel (Lair:2)
  5 howler monkeys
  A bullfrog zombie (D:6)
  3 centaur zombies
  A jelly (D:5)
  3 orc priests
  3 hounds
  A bullfrog skeleton (D:5)
  Crazy Yiuf (D:6)
  A centaur skeleton (D:4)
  5 iguanas
  A hell rat (D:10)
  6 orc wizards
  A polar bear simulacrum (IceCv)
  A hound skeleton (D:4)
  A howler monkey zombie (D:7)
  2 adders
  2 river rats (D:10)
  12 white imps (Lair:4)
  8 ufetubi
  3 worms
  3 dart slugs
  28 orcs
  4 ball pythons
  5 bats (D:1)
  2 endoplasms
  5 giant cockroaches
  6 hobgoblins
  2 jackals (D:2)
  19 kobolds
  4 quokkas
  3 frilled lizards
  6 goblins
  11 rats
368 creatures vanquished.

Vanquished Creatures (collateral kills)
  An orc knight (Orc:1)
  An ugly thing (IceCv)
  An ice statue (IceCv)
  A death yak simulacrum (IceCv)
  2 wargs (Orc:1)
  4 orc warriors (Orc:1)
  An orc wizard (Orc:1)
  A polar bear simulacrum (IceCv)
  An orc (Orc:1)
13 creatures vanquished.

Vanquished Creatures (others)
  5 fungi
  7 plants
12 creatures vanquished.

Grand Total: 393 creatures vanquished

Notes
Turn   | Place    | Note
-------+----------+-------------------------------------------
     0 | D:1      | DemonSlayer the Demonspawn Berserker began the quest for
                  | the Orb.
     0 | D:1      | Reached XP level 1. HP: 18/18 MP: 1/1
    55 | D:1      | Found Reurph's Armour Shop.
   337 | D:1      | Gained mutation: You have a pair of small antennae on your
                  | head. [demonic ancestry]
   337 | D:1      | Reached XP level 2. HP: 23/24 MP: 2/2
   513 | D:1      | Reached skill level 3 in Axes
  1408 | D:2      | Gained mutation: Your movements are slightly less
                  | encumbered by armour. (ER -2) [demonic ancestry]
  1408 | D:2      | Reached XP level 3. HP: 29/29 MP: 3/3
  1694 | D:2      | Reached ** piety under Trog
  1768 | D:2      | Found a faded altar of an unknown god.
  1838 | D:3      | Noticed a phantom
  1848 | D:3      | Killed a phantom
  1849 | D:3      | Gained mutation: Your movements are less encumbered by
                  | armour. (ER -4) [demonic ancestry]
  1849 | D:3      | Reached XP level 4. HP: 26/35 MP: 4/4
  1970 | D:3      | Noticed a black bear
  1978 | D:3      | Killed a black bear
  1979 | D:3      | Reached skill level 4 in Axes
  1979 | D:3      | Reached skill level 1 in Throwing
  1979 | D:3      | Gained mutation: You are partially covered in sharp spines.
                  | [demonic ancestry]
  1979 | D:3      | Reached XP level 5. HP: 42/42 MP: 5/5
  2361 | D:3      | Found an ornate altar of the Wu Jian Council.
  2609 | D:4      | Gained mutation: You are mostly covered in sharp spines.
                  | [demonic ancestry]
  2609 | D:4      | Reached XP level 6. HP: 35/48 MP: 6/6
  2934 | D:4      | Found Ton Coga's Jewellery Shop.
  2961 | D:4      | Reached skill level 1 in Shields
  3092 | D:4      | Found a snail-covered altar of Cheibriados.
  3169 | D:4      | Found an iron altar of Okawaru.
  3463 | D:5      | Entered Level 5 of the Dungeon
  3537 | D:5      | Reached skill level 5 in Axes
  3684 | D:5      | Noticed Menkaure
  3692 | D:5      | Killed Menkaure
  3693 | D:5      | Reached XP level 7. HP: 42/53 MP: 7/7
  3940 | D:5      | Identified the ring of Pantheism {rC+ Int+4 Dex-5 SInv}
  3957 | D:5      | Found a runed translucent door.
  3958 | D:5      | Noticed Squirrel's ghost (weakling OpDe)
  4026 | D:5      | Found a runed translucent door.
  4592 | D:5      | Reached skill level 6 in Axes
  4660 | D:5      | Found a staircase to the Ecumenical Temple.
  4809 | D:5      | Gained mutation: You are completely covered in sharp
                  | spines. [demonic ancestry]
  4809 | D:5      | Reached XP level 8. HP: 60/60 MP: 8/8
  5351 | D:6      | Reached skill level 1 in Stealth
  5352 | D:6      | Reached skill level 7 in Axes
  5643 | D:6      | Reached *** piety under Trog
  5671 | D:6      | Reached skill level 5 in Armour
  6098 | D:6      | Found a runed translucent door.
  6099 | D:6      | Noticed Crazy Yiuf
  6890 | D:6      | Noticed Prince Ribbit
  6896 | D:6      | Killed Prince Ribbit
  6897 | D:6      | Reached XP level 9. HP: 57/67 MP: 9/9
  7208 | D:6      | Killed Crazy Yiuf
  7209 | D:6      | Reached skill level 5 in Fighting
  7335 | D:7      | Reached skill level 8 in Axes
  7365 | D:7      | Noticed Maggie
  8000 | D:7      | Killed Maggie
  8257 | D:7      | Found a shadowy altar of Dithmenos.
  8546 | D:8      | Found a shimmering blue altar of Sif Muna.
  8589 | D:8      | Found an ancient bone altar of Kikubaaqudgha.
  8623 | D:8      | Reached skill level 9 in Axes
  8890 | D:8      | Found a shimmering altar of Xom.
  8980 | D:8      | Noticed Psyche
  8992 | D:8      | Killed Psyche
  8993 | D:8      | Reached XP level 10. HP: 76/76 MP: 10/10
  9729 | D:9      | Noticed a cyclops
  9729 | D:9      | Noticed a two-headed ogre
  9750 | D:9      | Killed a two-headed ogre
  9752 | D:9      | Killed a cyclops
  9753 | D:9      | Reached skill level 10 in Axes
 10183 | D:9      | Noticed Joseph
 10191 | D:9      | Reached **** piety under Trog
 10203 | D:9      | Killed Joseph
 10301 | D:9      | Found a burning altar of Makhleb.
 10342 | D:9      | Noticed an ice statue
 10763 | D:9      | Found a sacrificial altar of Ru.
 11012 | D:9      | Gained mutation: You may rarely emit foul miasma when
                  | damaged in melee. [demonic ancestry]
 11012 | D:9      | Reached XP level 11. HP: 83/83 MP: 11/11
 11101 | D:10     | Entered Level 10 of the Dungeon
 11140 | D:10     | Noticed a death yak
 11141 | D:10     | Found a staircase to the Lair.
 11141 | D:10     | Noticed a death yak
 11144 | D:10     | Noticed a death yak
 11153 | D:10     | Killed a death yak
 11154 | D:10     | Reached skill level 5 in Throwing
 11157 | D:10     | Killed a death yak
 11161 | D:10     | Killed a death yak
 11442 | D:10     | Noticed Nergalle
 11460 | D:10     | Killed Nergalle
 11628 | D:10     | Reached skill level 11 in Axes
 11961 | D:10     | Found a basalt altar of Yredelemnul.
 12002 | D:10     | Found a hide-covered altar of Uskayaw.
 12095 | Lair:1   | Entered Level 1 of the Lair of Beasts
 12121 | Lair:1   | Reached ***** piety under Trog
 12301 | Lair:1   | Noticed a seven-headed hydra
 12313 | Lair:1   | Killed an 11-headed hydra
 12556 | Lair:1   | Reached skill level 5 in Dodging
 12638 | Lair:1   | Gained mutation: You have a pair of antennae on your head.
                  | [demonic ancestry]
 12638 | Lair:1   | Reached XP level 12. HP: 64/92 MP: 12/12
 13228 | Lair:2   | Reached skill level 12 in Axes
 13231 | Lair:2   | Found a staircase to the Snake Pit.
 13241 | Lair:2   | Noticed a seven-headed hydra
 13392 | Lair:2   | Killed a 13-headed hydra
 14396 | Lair:3   | Received a gift from Trog
 14619 | Lair:3   | Found a staircase to the Shoals.
 14856 | Lair:3   | Noticed a catoblepas
 14869 | Lair:3   | Killed a catoblepas
 14870 | Lair:3   | Reached skill level 13 in Axes
 15183 | Lair:4   | Reached XP level 13. HP: 58/100 MP: 4/13
 15191 | Lair:4   | Found a frozen archway.
 15219 | IceCv    | Entered an ice cave
 15376 | IceCv    | Found a transporter.
 15383 | IceCv    | Found a transporter.
 16789 | D:1      | Bought the +3 crown of Dyrovepreva {rElec Int+2 SInv} for
                  | 538 gold pieces
 16789 | D:1      | Found the +3 crown of Dyrovepreva {rElec Int+2 SInv}
 17044 | D:11     | Noticed Erica
 17052 | D:11     | Killed Erica
 17052 | D:11     | Received a gift from Trog
 17072 | D:11     | Paralysed by a hornet for 2 turns
 17118 | D:11     | Found a staircase to the Orcish Mines.
 17181 | D:11     | Noticed Snorg
 17195 | D:11     | Killed Snorg
 17389 | D:11     | Reached skill level 14 in Axes
 17998 | Orc:1    | Entered Level 1 of the Orcish Mines
 18163 | Orc:1    | Noticed an orc warlord
 18165 | Orc:1    | Noticed an orc warlord
 18181 | Orc:1    | Mangled by an orc knight

Illustrated notes

Levels and vault maps discovered:
D:1:      shiori_arrival_elements, layout_loops_ring, serial_shops, shop
D:2:      layout_basic, hellmonk_ecumenical_altar_heavens_door
D:3:      layout_rooms, nzn_wu_jian_contemplation
D:4:      layout_cave_pools, lemuel_doored_altar, cheibrodos_worm_habitat,
          serial_shops, nicolae_shop_trees
D:5:      layout_layer_cave, minmay_temple_entry_nine_rooms,
          ebering_ghost_sewer_f, chequers_jeans, kennysheep_nondescript,
          minmay_strange_pillars, uniq_menkaure
D:6:      wad_crossroads, layout_loops_ring, corexii_shack, uniq_prince_ribbit1,
          uniq_crazy_yiuf_cottage
D:7:      layout_rooms, mainiacjoe_overflow_catwalk, grunt_dithmenos_smoke,
          serial_aquarium, aquarium_bridge_straight [aquarium_subvault_bridge,
          aquarium_subvault_window, aquarium_subvault_bridge,
          aquarium_subvault_wall], aquarium_window_1, aquarium_window_double,
          aquarium_view_4, aquarium_pool_1, uniq_maggie
D:8:      layout_layer_cave, kennysheep_mini, mainiacjoe_overflow_paths,
          mainiacjoe_overflow_surrounded_room, chequers_serial_rivers_micro_a,
          uniq_psyche
D:9:      cheibrodos_frozen_isle, layout_cave_pools, kennysheep_little_box,
          mainiacjoe_overflow_chevrons, serial_column_ruins,
          column_ruins_columns_corner, column_ruins_grid_4,
          column_ruins_open_small, column_ruins_open_small,
          column_ruins_open_small, uniq_joseph
D:10:     layout_roguey, mainiacjoe_overflow_cross_hatched,
          mainiacjoe_overflow_boulevard, dpeg_lair_monsters, uniq_nergalle
D:11:     layout_basic, orc_0_dummy, minmay_misc_feat_alley,
          minmay_statues_item, uniq_erica, uniq_snorg
Lair:1:   layout_regular_city
Lair:2:   layout_regular_city, guppyfry_snake_entry_island,
          gammafunk_lair_bear_cave, grunt_megastairs_4
Lair:3:   layout_small_grid, shoals_dummy_entry, guppyfry_lair_drakes
Lair:4:   layout_cellular_growth, portal_ice_cave_entry_imps,
          chequers_serial_rivers_micro_e
Lair:5:   layout_gridlike
Orc:1:    layout_diamond_mine, basic_altar, minmay_orc_treasury

Skill      XL: |  1  2  3  4  5  6  7  8  9 10 11 12 13 |
---------------+----------------------------------------+-----
Axes           | 3 4 5 6 7 9 10 11 13 14 | 14.1
Armour         | 2 3 4 5 6 7 8 9 |  9.1
Dodging        | 2 3 4 5 6 |  6.6
Throwing       | 1 2 4 6 7 |  7.1
Shields        | 1 2 3 4 |  4.0
Fighting       | 4 6 7 8 9 |  9.6
Stealth        | 1 2 3 |  3.6
Evocations     | |  0.1

Action                   |  1- 3 |  4- 6 |  7- 9 | 10-12 | 13-15 || total
-------------------------+-------+-------+-------+-------+-------++-------
Melee: Hand axe          |   100 |    36 |       |       |       ||   136
       War axe           |       |    37 |   167 |   320 |       ||   524
       Broad axe         |       |       |       |    74 |   175 ||   249
Throw: Boomerang         |     9 |    16 |       |   340 |     4 ||   369
       Dart              |       |     5 |     7 |       |       ||    12
Invok: Berserk           |     1 |     4 |     9 |     8 |     5 ||    27
       Trog's Hand       |       |       |     2 |       |     2 ||     4
       Brothers in Arms  |       |       |       |       |     6 ||     6
Evoke: Wand              |       |       |     1 |     1 |       ||     2
  Use: Scroll            |       |       |       |    12 |     5 ||    17
       Potion            |       |       |       |     1 |       ||     1
 Stab: Sleeping          |       |       |       |     3 |       ||     3
Armor: Scale mail        |    45 |    12 |       |       |       ||    57
       Chain mail        |       |     7 |    51 |   132 |    94 ||   284
       Acid dragon scale |       |       |    13 |    36 |       ||    49
       Ring mail         |       |       |       |    32 |       ||    32
Dodge: Dodged            |    65 |    24 |    62 |   237 |    78 ||   466
Block: Other             |     9 |    20 |    36 |       |       ||    65
       Reflection        |       |       |     2 |       |       ||     2
       Buckler           |       |       |     4 |   110 |    46 ||   160
